Map: King's Cove LE

Players

Serral

  • Race: Zerg Zerg
  • League: Grandmaster
  • Spawn Location: 5:00

llllllllllll (Stats) - Winner!

  • Race: Protoss Protoss
  • League: Grandmaster
  • Spawn Location: 11:00

Event: HomeStory Cup XIX

VOD

Have the link to the VOD?

Description

Time

  • Played on: June 27, 2019, 11:43 a.m.
  • Length: 10:49

All games in this series

Show
View Real Time Build Order
Export as new Build Order

Serral Zerg 

Build Orders: Hatch First 

Get SALT Encoding   

  12  0:00  Drone  
  13  0:12  Overlord  
  13  0:18  Drone  
  14  0:31  Drone x2  
  16  0:50  Hatchery  
  16  0:53  Drone  
  16  0:56  Drone  
  17  1:00  Drone  
  18  1:10  Extractor  
  17  1:15  Spawning Pool  
  17  1:18  Drone  
  17  1:22  Drone  
  18  1:28  Drone  
  19  1:40  Drone  
  20  1:50  Overlord  
  20  2:02  Queen x2  
  20  2:03  Zergling x4  
  26  2:12  Drone  
  28  2:15  Drone  
  28  2:23  Drone x2  
  30  2:40  Hatchery  
  30  2:41  Pneumatized Carapace  
  29  2:44  Overlord  
  29  2:48  Drone x2  
  30  2:56  Queen  
  32  3:01  Drone  
  32  3:05  Overlord  
  33  3:06  Drone  
  33  3:08  Drone  
  35  3:12  Overlord  
  35  3:15  Drone  
  35  3:18  Drone  
  35  3:19  Drone  
  38  3:24  Metabolic Boost  
  38  3:30  Overlord  
  38  3:32  Drone  
  38  3:33  Drone  
  40  3:39  Queen  
  42  3:42  Drone  
  42  3:44  Drone  
  42  3:46  Drone  
  45  3:50  Zergling x2  
  45  3:52  Drone, Spore Crawler  
  45  3:54  Drone  
  47  3:58  Spore Crawler  
  47  4:02  Queen  
  46  4:05  Drone  
  46  4:07  Spore Crawler  
  46  4:08  Drone  
  49  4:10  Drone  
  49  4:11  Drone  
  49  4:13  Zergling x2  
  49  4:16  Drone  
  53  4:18  Overlord  
  53  4:21  Zergling x2  
  54  4:25  Drone x2  
  54  4:29  Lair  
  56  4:34  Roach Warren  
  56  4:37  Zergling x2  
  56  4:39  Drone x2  
  56  4:40  Drone  
  56  4:43  Overlord  
  56  4:44  Drone  
  61  4:45  Drone  
  61  4:47  Drone  
  61  4:52  Drone x2, Extractor  
  63  4:53  Drone, Extractor  
  59  5:00  Drone x4  
  59  5:05  Drone  
  64  5:09  Drone x3  
  64  5:14  Drone x3  
  68  5:20  Drone x5  
  70  5:24  Overlord  
  70  5:27  Drone  
  70  5:28  Drone  
  66  5:35  Extractor  
  66  5:36  Drone x3  
  66  5:38  Overlord  
  66  5:42  Overlord  
  68  5:46  Glial Reconstitution  
  68  5:48  Drone  
  67  5:50  Overlord  
  67  5:53  Roach  
  67  5:59  Roach x3  
  67  6:01  Roach  
  67  6:02  Overseer  
  67  6:03  Roach  
  77  6:08  Roach x2  
  80  6:15  Roach x4  
  88  6:21  Nydus Network  
  88  6:23  Roach x2  
  91  6:26  Zergling x4  
  91  6:31  Zergling x6  
  96  6:33  Overlord  
  96  6:37  Zergling x6  
  98  6:44  Zergling x10  
  97  6:58  Zergling x2, Roach x5  
  108  7:01  Nydus Canal  
  108  7:05  Ravager  
  108  7:06  Ravager x3  
  112  7:08  Overlord  
  112  7:09  Overlord  
  112  7:11  Roach  
  114  7:16  Nydus Canal  
  109  7:30  Zergling x14, Nydus Canal  
  109  7:35  Zergling x12  
  107  7:42  Roach  
  107  7:43  Roach x2  
  101  7:46  Roach x2  
  103  7:51  Zergling x2  
  103  7:52  Zergling x2  
  103  7:56  Roach  
  107  8:00  Roach  
  107  8:01  Roach x2  
  107  8:03  Roach x2  
  112  8:06  Roach  
  112  8:08  Nydus Canal  
  112  8:10  Drone  
  112  8:11  Roach  
  108  8:16  Roach x2  
  108  8:18  Roach  
  103  8:21  Roach  
  103  8:25  Roach x2  
  103  8:30  Roach  
  103  8:31  Nydus Canal  
  97  8:34  Roach  
  97  8:38  Roach  
  89  8:50  Roach x3  
  89  8:51  Queen  
  89  8:52  Queen  
  99  8:58  Queen  
  99  9:00  Ravager x5  
  106  9:04  Zergling x8  
  110  9:10  Nydus Canal  
  110  9:13  Roach x3  
  110  9:15  Ravager  
  117  9:18  Roach x2  
  121  9:26  Roach  
  121  9:28  Roach  
  122  9:32  Nydus Canal, Overlord  
  122  9:36  Overlord  
  121  9:41  Overlord  
  121  9:52  Roach x3  
  123  9:53  Roach  
  123  9:57  Queen x3  
  123  9:59  Roach  
  121  10:00  Roach, Nydus Canal  
  121  10:04  Roach  
  121  10:07  Roach  
  119  10:12  Ravager  
  119  10:13  Ravager  
  113  10:14  Overseer  
  113  10:17  Roach x2  
  113  10:18  Roach  
  119  10:27  Roach x5  
  119  10:30  Roach  
Show
View Real Time Build Order
Export as new Build Order

llllllllllll Protoss - Winner!

Build Orders: 1 Gate Expand, Oracle Opening, Phoenix Opening, Chargelot Immortal 

Get SALT Encoding   

  12  0:00  Probe  
  13  0:12  Probe  
  14  0:19  Pylon  
  14  0:24  Probe  
  15  0:33  Probe  
  15  0:41  Probe  
  16  0:43  Gateway  
  16  0:47  Assimilator  
  17  0:51  Probe  
  18  1:03  Probe  
  19  1:15  Probe  
  20  1:24  Nexus  
  20  1:34  Cybernetics Core  
  20  1:37  Probe  
  21  1:45  Assimilator  
  21  1:49  Probe  
  21  1:53  Pylon  
  22  2:01  Probe, Adept  
  23  2:13  Probe  
  26  2:20  Stargate  
  26  2:25  Probe  
  26  2:28  Warp Gate  
  27  2:33  Probe x2, Adept  
  30  2:41  Probe x2  
  33  2:51  Probe  
  33  2:52  Probe  
  33  2:57  Phoenix  
  35  3:03  Probe  
  35  3:04  Probe  
  39  3:14  Oracle  
  39  3:15  Probe  
  39  3:16  Probe, Pylon  
  44  3:27  Probe  
  44  3:28  Probe  
  44  3:34  Gateway  
  46  3:40  Probe x2, Assimilator x2  
  48  3:42  Pylon  
  48  3:45  Oracle  
  48  3:52  Probe x2  
  53  4:04  Probe x2  
  53  4:08  Robotics Facility, Pylon  
  55  4:14  Oracle  
  55  4:16  Probe x2  
  57  4:24  Adept  
  59  4:28  Pylon  
  62  4:39  Nexus  
  62  4:41  Pylon  
  62  4:42  Probe x2  
  64  4:50  Immortal  
  64  4:51  Sentry x2  
  71  5:04  Probe x2  
  73  5:08  Forge, Twilight Council  
  73  5:17  Sentry  
  73  5:18  Adept  
  75  5:24  Probe  
  75  5:25  Immortal  
  75  5:34  Pylon  
  75  5:35  Pylon  
  78  5:42  Gateway  
  78  5:52  Probe x3  
  78  5:53  Sentry x2  
  85  5:59  Observer  
  85  6:02  Charge  
  85  6:04  Probe x3  
  85  6:05  Protoss Ground Weapons Level 1  
  85  6:09  Pylon  
  89  6:14  Gateway x2  
  89  6:16  Probe x2, Gateway  
  89  6:17  Probe  
  92  6:24  Immortal  
  92  6:32  Pylon  
  92  6:33  Probe  
  92  6:34  Probe x2  
  99  6:51  Sentry  
  99  6:52  Stalker x2  
  99  6:54  Shield Battery, Immortal  
  105  6:56  Shield Battery x2  
  105  6:58  Pylon  
  106  7:11  Templar Archives  
  106  7:12  Pylon  
  106  7:13  Zealot x3  
  112  7:17  Stalker x2  
  112  7:18  Stalker  
  112  7:21  Shield Battery  
  118  7:35  Sentry  
  118  7:36  Sentry  
  116  7:37  Zealot  
  108  7:44  Stalker x2  
  110  7:51  Zealot  
  107  8:03  Zealot x3  
  107  8:04  Immortal  
  107  8:12  Zealot x3  
  109  8:25  Zealot x3  
  101  8:34  Zealot x2  
  101  8:35  Zealot  
  100  8:48  Zealot x2  
  100  8:49  Zealot  
  100  8:50  Warp Prism  
  104  8:56  Gateway x2  
  104  8:57  Observer  
  104  8:58  Assimilator  
  104  9:00  Robotics Facility  
  104  9:01  Assimilator, High Templar x2  
  104  9:02  Zealot  
  110  9:11  Zealot x3  
  115  9:32  Stalker x4  
  115  9:35  Pylon x2  
  123  9:38  Pylon  
  123  9:39  Immortal  
  127  9:48  Pylon  
  127  9:49  Pylon  
  121  9:56  Zealot x4  
  121  9:57  Zealot x2  
  121  9:59  Immortal  
  121  10:19  Stalker x4  
  121  10:20  Sentry  
  131  10:22  Sentry  
  127  10:48  Sentry x2, Zealot x4  
Tags
 
Add a new tag
Caveats
  • Supply blocks, unpowered buildings, or Contaminate may cause inaccurate times.
  • Supply counts are checked every 10 seconds.